 Dungeon Crawl Stone Soup version 0.23.1 (webtiles) character file.

Game seed: 17221346168851328579

167 HEYYEYAAE the Bolt Thrower (level 5, 0/36 HPs)
             Began as an Octopode Hunter on Mar 1, 2019.
             Slain by Grinder (5 damage)
             ... on level 3 of the Dungeon.
             The game lasted 00:02:59 (2684 turns).

HEYYEYAAE the Bolt Thrower (Octopode Hunter)        Turns: 2684, Time: 00:02:59

Health: 0/36       AC:  3    Str:  8 (11) XL:     5   Next: 48%
Magic:  5/5        EV: 20    Int: 15 (18) God:
Gold:   252        SH:  0    Dex: 17 (19) Spells: 4/4 levels left

rFire    . . .     SeeInvis .   b - +0 dagger (venom)
rCold    . . .     Gourm    .   (no shield)
rNeg     . . .     Faith    .   (helmet restricted)
rPois    .         Spirit   .   (no amulet)
rElec    .         Reflect  .   j - +2 ring of protection
rCorr    .         Harm     .   (no ring)
MR       .....                  (no ring)
Stlth    ++++......             (no ring)
HPRegen  0.12/turn              (no ring)
MPRegen  0.09/turn              (no ring)
                                (no ring)
                                (no ring)

@: brilliant, agile, flying, hasted, very quick
A: almost no armour, stealthy swim, amphibious, 8 rings, constrict 8, camouflage
1, gelatinous body 1
a: no special abilities


You were on level 3 of the Dungeon.
You were hungry.

You visited 1 branch of the dungeon, and saw 4 of its levels.

You collected 252 gold pieces.

Inventory:

Hand Weapons
 a - a +1 hand crossbow
 b - a +0 dagger of venom (weapon)
 e - a cursed -3 dagger
 p - a +0 short sword
 t - a +1 whip of draining
Missiles
 c - 59 bolts
Jewellery
 j - a +2 ring of protection (left tentacle)
Scrolls
 g - a scroll of enchant weapon {unknown}
 h - 6 scrolls of teleportation {unknown}
 i - a scroll of noise {unknown}
 l - a scroll of blinking {unknown}
 n - a scroll of identify {unknown}
Potions
 o - a potion of haste
Comestibles
 d - 10 rations


   Skills:
 * Level 3.4 Fighting
 * Level 4.9 Crossbows
 * Level 3.3 Dodging
 + Level 2.7 Stealth


You had 4 spell levels left.
You didn't know any spells.
Your spell library contained the following spells:

 Spells                   Type           Power        Failure   Level  Hunger
 Magic Dart               Conj           #...         3%          1    ##.....
 Blink                    Tloc           N/A          4%          2    ###....
 Call Imp                 Summ           #.......     4%          2    ###....
 Slow                     Hex            #.......     4%          2    ###....
 Conjure Flame            Conj/Fire      #.......     10%         3    ####...
 Mephitic Cloud           Conj/Pois/Air  #.......     10%         3    ####...


Dungeon Overview and Level Annotations

Branches:
Dungeon (4/15)
 Temple: D:4-7

Altars:
Gozag
Qazlal
Uskayaw
The Shining One

Annotations:
D:3 Grinder


Innate Abilities, Weirdness & Mutations

You cannot wear most types of armour.
You are very stealthy in the water. (Stealth+)
You are amphibious.
You can wear up to eight rings at the same time.
You can use your tentacles to constrict eight enemies at once.
Your skin changes colour to match your surroundings (Stealth+).
Your rubbery body absorbs attacks. (AC +1, EV +1)


Message History

You can move again.
Unknown command.
Unknown command.
Unknown command.
Unknown command.
It was a potion of agility.
You feel agile all of a sudden. Grinder hits you.
* * * LOW HITPOINT WARNING * * *
You writhe in agony.
* * * LOW HITPOINT WARNING * * *
You hit Grinder. You grab Grinder. You squeeze Grinder.
Grinder is heavily wounded.
You constrict Grinder. You barely miss Grinder.
Grinder is heavily wounded.
You constrict Grinder. Grinder hits you.
* * * LOW HITPOINT WARNING * * *
You writhe in agony.
You die...

...# #..........# #.##...#####.
...###..####.##.# #)##.........
...#.#..####.##.#####.)..........
...#.#.<#...)...............###..
...#.#..####)##...#####..#..###..
...#.#.#####......# #..........
...........####...#####..........
................5........##......
.......##.#####.@........##......
.......##.# #..######..##.....#
.#.#.####.# #..######..##......
...#.# #.# #.###.....)........
.#.#.# #.#####..................
.#...# #......................##
.###.# #######.###..##..........
## #.# #......###.##...... ####.#
#####..###.......##


You could see Grinder.

Vanquished Creatures
  2 gnolls (D:1)
  5 adders
  2 oozes
  4 worms
  A dart slug (D:1)
  3 leopard geckos
  6 orcs (D:3)
  12 bats
  7 giant cockroaches
  5 goblins
  4 hobgoblins
  9 kobolds
  3 frilled lizards
  12 rats
75 creatures vanquished.

Notes
Turn   | Place    | Note
-------+----------+-------------------------------------------
     0 | D:1      | HEYYEYAAE the Octopode Hunter began the quest for the Orb.
     0 | D:1      | Reached XP level 1. HP: 14/14 MP: 1/1
   219 | D:1      | Reached XP level 2. HP: 19/19 MP: 2/2
   268 | D:1      | Reached XP level 3. HP: 25/25 MP: 3/3
   713 | D:1      | Reached XP level 4. HP: 30/30 MP: 4/4
  1078 | D:2      | Found a faded altar of an unknown god.
  1590 | D:2      | Found a stormy altar of Qazlal.
  1600 | D:2      | Found a glowing golden altar of the Shining One.
  1609 | D:2      | Found an opulent altar of Gozag.
  1612 | D:2      | Found a hide-covered altar of Uskayaw.
  1671 | D:3      | Reached XP level 5. HP: 35/36 MP: 5/5
  2476 | D:3      | Noticed Grinder
  2661 | D:3      | Paralysed by Grinder for 4 turns
  2678 | D:3      | Paralysed by Grinder for 3 turns
  2684 | D:3      | Slain by Grinder

Skill      XL: |  1  2  3  4 |
---------------+-------------+-----
Stealth        | 2 |  2.7
Fighting       | 3 |  3.4
Dodging        | 3 |  3.3
Crossbows      | |  4.9

Action                   |  1- 3 |  4- 6 || total
-------------------------+-------+-------++-------
Melee: Short sword       |    47 |     8 ||    55
       Constrict         |    16 |    23 ||    39
       Tentacles         |     8 |    15 ||    23
       Dagger            |       |    59 ||    59
       Whip              |       |    48 ||    48
 Fire: Hand crossbow     |    11 |       ||    11
  Use: Potion            |       |     7 ||     7
       Scroll            |       |     1 ||     1
 Stab: Sleeping          |     2 |     9 ||    11
       Distracted        |       |     1 ||     1
  Eat: Chunk             |       |     5 ||     5
Armor: Skin              |     2 |    18 ||    20
Dodge: Dodged            |    32 |    82 ||   114
